MLB
CHICAGO WHITE SOX @ BOSTON RED SOX
09/24/2023
 
TOP OF THE 1ST
Chicago White Sox batting - Pitching for Boston Red Sox : RHP Kyle Wright
Pitching: RHP Kyle Wright
Batting: LHB Brandon Belt 0-0: Called Strike
0-1: Called Strike
0-2: Ball
1-2: SINGLE (Line Drive, 7LM, EV 103.1 MPH)
Batting: LHB Nathaniel Lowe 0-0: Ball
1-0: Ball
2-0: Foul Ball, location: 23FF
2-1: Foul Ball, location: 2F
2-2: Reached on error, E4 (Groundball, 4, EV 83.1 MPH)
Brandon Belt to second
Batting: RHB Franmil Reyes 0-0: Called Strike
0-1: Called Strike
0-2: Fly out, F9 (Flyball, 9, EV 93.1 MPH)
Batting: LHB David Peralta 0-0: Ball
1-0: Ball
2-0: Foul Ball, location: 9LDF
2-1: Called Strike
2-2: Fly out, F8 (Flyball, 8RD, EV 91.9 MPH)
Batting: RHB Francisco Alvarez 0-0: Ball
1-0: Swinging Strike
1-1: Foul Ball, location: 2F
1-2: Strikes out swinging
Top of the 1st over - 0 runs, 1 hit, 1 error, 2 left on base; Chicago 0 - Boston 0
BOTTOM OF THE 1ST
Boston Red Sox batting - Pitching for Chicago White Sox : LHP Jose Suarez
Pitching: LHP Jose Suarez
Batting: LHB Brendan Donovan 0-0: Foul Ball, location: 25FF
0-1: Foul Ball, location: 9LSFF
0-2: Ball
1-2: Foul Ball, location: 2LF
1-2: Foul Ball, location: 3F
1-2: Foul Ball, location: 2F
1-2: Foul Ball, location: 2F
1-2: Fly out, F8 (Flyball, 8RD, EV 90.6 MPH)
Batting: SHB Jorge Polanco 0-0: Fly out, F5 (Popup, 5SF, EV 77.5 MPH)
Batting: RHB Mike Trout 0-0: Called Strike
0-1: Ball
1-1: SINGLE (Flyball, 6D, EV 90.6 MPH)
Batting: RHB Paul Goldschmidt 0-0: Ball
1-0: Foul Ball, location: 2F
1-1: Ball
2-1: Fielders Choice at 2nd, 6-4 (Groundball, 6, EV 95.6 MPH)
Bottom of the 1st over - 0 runs, 1 hit, 0 errors, 1 left on base; Chicago 0 - Boston 0
TOP OF THE 2ND
Chicago White Sox batting - Pitching for Boston Red Sox : RHP Kyle Wright
Batting: RHB Taylor Motter 0-0: Ball
1-0: Called Strike
1-1: Foul Ball, location: 2F
1-2: Ground out 5-3 (Groundball, 15, EV 88.1 MPH)
Batting: LHB Josh Rojas 0-0: Ball
1-0: Ball
2-0: Called Strike
2-1: Foul Ball, location: 2F
2-2: Ball
3-2: Strikes out swinging
Batting: RHB Adolis García 0-0: Foul Ball, location: 5F
0-1: Ball
1-1: Foul Ball, location: 2RF
1-2: Strikes out looking
Top of the 2nd over - 0 runs, 0 hits, 0 errors, 0 left on base; Chicago 0 - Boston 0
BOTTOM OF THE 2ND
Boston Red Sox batting - Pitching for Chicago White Sox : LHP Jose Suarez
Batting: RHB DJ LeMahieu 0-0: Called Strike
0-1: Swinging Strike
0-2: Ball
1-2: Foul Ball, location: 2F
1-2: Ball
2-2: Foul Ball, location: 9LDF
2-2: Foul Ball, location: 2F
2-2: Strikes out looking
Batting: RHB Javier Baez 0-0: Ball
1-0: Fly out, F4 (Popup, 6M, EV 76.3 MPH)
Batting: LHB Alex Verdugo 0-0: SINGLE (Groundball, 4, EV 92.5 MPH) (infield hit)
Batting: RHB Evan Longoria 0-0: Ball
1-0: Foul Ball, location: 2F
1-1: Fly out, F9 (Flyball, 9, EV 91.3 MPH)
Bottom of the 2nd over - 0 runs, 1 hit, 0 errors, 1 left on base; Chicago 0 - Boston 0
TOP OF THE 3RD
Chicago White Sox batting - Pitching for Boston Red Sox : RHP Kyle Wright
Batting: RHB Mark Mathias 0-0: Swinging Strike
0-1: Foul Ball, location: 25FF
0-2: Strikes out swinging
Batting: LHB Brandon Belt 0-0: Ball
1-0: Foul Ball, location: 3FF
1-1: Ball
2-1: Foul Ball, location: 7LSF
2-2: Ball
3-2: Strikes out swinging
Batting: LHB Nathaniel Lowe 0-0: Ball
1-0: Ball
2-0: Ball
3-0: Called Strike
3-1: Base on Balls
Batting: RHB Franmil Reyes 0-0: Fly out, F8 (Flyball, 78S, EV 77.5 MPH)
Top of the 3rd over - 0 runs, 0 hits, 0 errors, 1 left on base; Chicago 0 - Boston 0
BOTTOM OF THE 3RD
Boston Red Sox batting - Pitching for Chicago White Sox : LHP Jose Suarez
Batting: SHB Keibert Ruiz 0-0: Ball
1-0: Swinging Strike
1-1: Ball
2-1: Called Strike
2-2: Ground out 1-3 (Groundball, 13, EV 72.5 MPH)
Batting: LHB Brendan Donovan 0-0: Called Strike
0-1: Foul Ball, location: 2F
0-2: Ground out U3 (Groundball, 34, EV 104.4 MPH)
Batting: SHB Jorge Polanco 0-0: Ball
1-0: Ball
2-0: Called Strike
2-1: Ball
3-1: Base on Balls
Batting: RHB Mike Trout 0-0: Ball
1-0: Foul Ball, location: 23FF
1-1: Ball
2-1: Ball
3-1: Base on Balls
Jorge Polanco to second
Batting: RHB Paul Goldschmidt 0-0: Called Strike
0-1: Ball
1-1: Swinging Strike
1-2: Ball
2-2: Foul Ball, location: 5DF
2-2: Ball
3-2: Foul Ball, location: 2F
3-2: Strikes out swinging
Bottom of the 3rd over - 0 runs, 0 hits, 0 errors, 2 left on base; Chicago 0 - Boston 0
TOP OF THE 4TH
Chicago White Sox batting - Pitching for Boston Red Sox : RHP Kyle Wright
Batting: LHB David Peralta 0-0: Called Strike
0-1: Called Strike
0-2: DOUBLE (Line Drive, 89D, EV 108.1 MPH)
Batting: RHB Francisco Alvarez 0-0: Ball
1-0: Fly out, F5 (Popup, 56S, EV 84.4 MPH)
Batting: RHB Taylor Motter 0-0: Called Strike
0-1: Ball
1-1: Ball
2-1: Swinging Strike
2-2: Ball
3-2: Foul Ball, location: 2F
3-2: Foul Ball, location: 5F
3-2: Reached on error, E5 (Groundball, 56, EV 98.8 MPH)
Batting: LHB Josh Rojas 0-0: Called Strike
0-1: Ball
1-1: Foul Ball, location: 2F
1-2: Fielders Choice at 2nd, 3-6 (Groundball, 3, EV 87.5 MPH)
David Peralta to third
Batting: RHB Adolis García 0-0: Called Strike
0-1: DOUBLE (Flyball, 78XD, EV 108.1 MPH)
David Peralta scores
Josh Rojas to third
Runner from 3rd tries for Home, SAFE, no throw by CF
Batting: RHB Mark Mathias 0-0: Called Strike
0-1: Foul Ball, location: 9LMF
0-2: Fly out, F9 (Flyball, 89D, EV 92.5 MPH)
Top of the 4th over - 2 runs, 2 hits, 1 error, 1 left on base; Chicago 2 - Boston 0
BOTTOM OF THE 4TH
Boston Red Sox batting - Pitching for Chicago White Sox : LHP Jose Suarez
Batting: RHB DJ LeMahieu 0-0: Swinging Strike
0-1: Swinging Strike
0-2: Ball
1-2: Strikes out swinging
Batting: RHB Javier Baez 0-0: Ball
1-0: Ball
2-0: Foul Ball, location: 7LDF
2-1: Called Strike
2-2: Foul Ball, location: 2F
2-2: Ground out 6-3 (Groundball, 56, EV 87.5 MPH)
Batting: LHB Alex Verdugo 0-0: Ball
1-0: Ball
2-0: Ground out 4-3 (Groundball, 4D, EV 103.1 MPH)
Bottom of the 4th over - 0 runs, 0 hits, 0 errors, 0 left on base; Chicago 2 - Boston 0
TOP OF THE 5TH
Chicago White Sox batting - Pitching for Boston Red Sox : RHP Kyle Wright
Batting: LHB Brandon Belt 0-0: Ball
1-0: Ball
2-0: Ball
3-0: Base on Balls
Batting: LHB Nathaniel Lowe 0-0: Ball
1-0: Called Strike
1-1: Ball
2-1: Swinging Strike
2-2: Fly out, F9 (Flyball, 9, EV 88.8 MPH)
Batting: RHB Franmil Reyes 0-0: Ball
1-0: Ball
2-0: 2-RUN HOME RUN (Flyball, 78XD, EV 110.6 MPH), Distance : 434 ft
Batting: LHB David Peralta 0-0: Called Strike
0-1: Ball
1-1: Ground out 3-1 (Groundball, 34, EV 96.3 MPH)
Batting: RHB Francisco Alvarez 0-0: Called Strike
0-1: Foul Ball, location: 7LMF
0-2: Ball
1-2: Foul Ball, location: 2F
1-2: Foul Ball, location: 5SF
1-2: Ball
2-2: Strikes out swinging
Top of the 5th over - 2 runs, 1 hit, 0 errors, 0 left on base; Chicago 4 - Boston 0
BOTTOM OF THE 5TH
Boston Red Sox batting - Pitching for Chicago White Sox : LHP Jose Suarez
Batting: RHB Evan Longoria 0-0: Ball
1-0: Ground out 6-3 (Groundball, 6, EV 81.9 MPH)
Batting: SHB Keibert Ruiz 0-0: Called Strike
0-1: Called Strike
0-2: Ball
1-2: Foul Ball, location: 9LMF
1-2: Fly out, F4 (Popup, 4, EV 56.9 MPH)
Batting: LHB Brendan Donovan 0-0: Ball
1-0: Foul Ball, location: 2F
1-1: SINGLE (Line Drive, 89S, EV 106.3 MPH)
Batting: SHB Jorge Polanco 0-0: Foul Ball, location: 7LMFF
0-1: Ball
1-1: Foul Ball, location: 25FF
1-2: Foul Ball, location: 2F
1-2: Ball
2-2: Fly out, F4 (Popup, 4MD, EV 59.4 MPH)
Bottom of the 5th over - 0 runs, 1 hit, 0 errors, 1 left on base; Chicago 4 - Boston 0
TOP OF THE 6TH
Chicago White Sox batting - Pitching for Boston Red Sox : RHP Kyle Wright
Batting: RHB Taylor Motter 0-0: Foul Ball, location: 2F
0-1: Called Strike
0-2: Foul Ball, location: 2F
0-2: Ball
1-2: Ball
2-2: Ground out 6-3 (Groundball, 6, EV 90.6 MPH)
Batting: LHB Josh Rojas 0-0: Called Strike
0-1: Ball
1-1: Foul Ball, location: 2LF
1-2: Foul Ball, location: 2F
1-2: Foul Ball, location: 23F
1-2: Ball
2-2: Ball
3-2: Fly out, F9 (Flyball, S7, EV 105.6 MPH)
Pitching: RHP Jimmy Herget
Batting: RHB Adolis García 0-0: Called Strike
0-1: Ball
1-1: Swinging Strike
1-2: Fly out, F7 (Flyball, 78M, EV 91.9 MPH)
Top of the 6th over - 0 runs, 0 hits, 0 errors, 0 left on base; Chicago 4 - Boston 0
BOTTOM OF THE 6TH
Boston Red Sox batting - Pitching for Chicago White Sox : LHP Jose Suarez
Batting: RHB Mike Trout 0-0: Fly out, F8 (Flyball, 8RS, EV 91.3 MPH)
Batting: RHB Paul Goldschmidt 0-0: Foul Ball, location: 2F
0-1: Called Strike
0-2: Ball
1-2: Foul Ball, location: 9LMF
1-2: Ball
2-2: Ground out 5-3 (Groundball, 56S, EV 80.6 MPH)
Batting: RHB DJ LeMahieu 0-0: Called Strike
0-1: Ball
1-1: SOLO HOME RUN (Flyball, 9LD, EV 93.8 MPH), Distance : 336 ft
Batting: RHB Javier Baez 0-0: Ball
1-0: Called Strike
1-1: SINGLE (Flyball, 5D, EV 95.6 MPH)
Pitching: RHP Jorge Lopez
Batting: LHB Alex Verdugo 0-0: Ball
1-0: Fly out, F7 (Flyball, 78M, EV 82.5 MPH)
Bottom of the 6th over - 1 run, 2 hits, 0 errors, 1 left on base; Chicago 4 - Boston 1
TOP OF THE 7TH
Chicago White Sox batting - Pitching for Boston Red Sox : RHP Jimmy Herget
Batting: RHB Mark Mathias 0-0: Ball
1-0: Ball
2-0: DOUBLE (Line Drive, 3D, EV 108.1 MPH)
Batting: LHB Brandon Belt 0-0: Ball
1-0: Foul Ball, location: 25F
1-1: Called Strike
1-2: Ball
2-2: Foul Ball, location: 7LSF
2-2: Fly out, F8 (Flyball, 8LD, EV 81.3 MPH)
Batting: LHB Nathaniel Lowe 0-0: Ball
1-0: Ball
2-0: Ground out 6-3 (Groundball, 6, EV 98.8 MPH)
Batting: RHB Franmil Reyes 0-0: Called Strike
0-1: Ball
1-1: Ball
2-1: Foul Ball, location: 5F
2-2: Ball
3-2: Reached on error, E5 (Groundball, 5, EV 83.1 MPH)
Mark Mathias scores
Batting: LHB David Peralta 0-0: Ball
1-0: Foul Ball, location: 9LDF
1-1: Called Strike
1-2: Strikes out looking
Top of the 7th over - 1 run, 1 hit, 1 error, 1 left on base; Chicago 5 - Boston 1
BOTTOM OF THE 7TH
Boston Red Sox batting - Pitching for Chicago White Sox : RHP Jorge Lopez
Batting: RHB Evan Longoria 0-0: Called Strike
0-1: Swinging Strike
0-2: Ball
1-2: Strikes out looking
Batting: SHB Keibert Ruiz 0-0: Foul Ball, location: 23FF
0-1: Ball
1-1: Ball
2-1: Foul Ball, location: 2F
2-2: Ball
3-2: Ground out 4-3 (Groundball, 4, EV 85.0 MPH)
Batting: LHB Brendan Donovan 0-0: SINGLE (Flyball, 8RS, EV 88.8 MPH)
Batting: SHB Jorge Polanco 0-0: Swinging Strike
0-1: Foul Ball, location: 2F
0-2: Ball
1-2: Ball
2-2: Fly out, F6 (Popup, 6MS, EV 76.9 MPH)
Bottom of the 7th over - 0 runs, 1 hit, 0 errors, 1 left on base; Chicago 5 - Boston 1
TOP OF THE 8TH
Chicago White Sox batting - Pitching for Boston Red Sox : RHP Jimmy Herget
Pitching: RHP Dylan Coleman
Batting: RHB Francisco Alvarez 0-0: Swinging Strike
0-1: Ball
1-1: Called Strike
1-2: Strikes out swinging
Batting: RHB Taylor Motter 0-0: Swinging Strike
0-1: Fly out, F8 (Flyball, 78S, EV 90.0 MPH)
Batting: LHB Josh Rojas 0-0: Ball
1-0: Ground out U3 (Groundball, 3, EV 92.5 MPH)
Top of the 8th over - 0 runs, 0 hits, 0 errors, 0 left on base; Chicago 5 - Boston 1
BOTTOM OF THE 8TH
Boston Red Sox batting - Pitching for Chicago White Sox : RHP Jorge Lopez
Pitching: RHP Diego Castillo
Batting: RHB Mike Trout 0-0: Called Strike
0-1: Ball
1-1: Ball
2-1: Swinging Strike
2-2: Strikes out looking
Batting: RHB Paul Goldschmidt 0-0: Ball
1-0: Ball
2-0: Called Strike
2-1: Ball
3-1: Swinging Strike
3-2: Base on Balls
Batting: RHB DJ LeMahieu Pickoff Throw to First - Out! 1-3
0-0: Called Strike
0-1: Ball
1-1: Ground out U3 (Groundball, 34, EV 88.8 MPH)
Bottom of the 8th over - 0 runs, 0 hits, 0 errors, 0 left on base; Chicago 5 - Boston 1
TOP OF THE 9TH
Chicago White Sox batting - Pitching for Boston Red Sox : RHP Dylan Coleman
Batting: RHB Adolis García 0-0: Ball
1-0: Foul Ball, location: 2F
1-1: Fly out, F9 (Line Drive, 9, EV 95.6 MPH)
Batting: RHB Mark Mathias 0-0: Hit by Pitch
Batting: LHB Brandon Belt 0-0: Ball
Mark Mathias steals 2nd base
1-0: Foul Ball, location: 23F
1-1: Fly out, F8 (Flyball, 89M, EV 92.5 MPH)
Batting: LHB Nathaniel Lowe 0-0: Called Strike
0-1: Ball
1-1: Foul Ball, location: 7LDF
1-2: Ground out U3 (Groundball, 34S, EV 100.0 MPH)
Top of the 9th over - 0 runs, 0 hits, 0 errors, 1 left on base; Chicago 5 - Boston 1
BOTTOM OF THE 9TH
Boston Red Sox batting - Pitching for Chicago White Sox : RHP Diego Castillo
Pitching: RHP Jordan Romano
Batting: RHB Javier Baez 0-0: SINGLE (Flyball, 89S, EV 93.1 MPH)
Batting: LHB Alex Verdugo 0-0: Ball
1-0: Called Strike
1-1: Foul Ball, location: 2F
1-2: Ball
2-2: Ball
3-2: Base on Balls
Javier Baez to second
Batting: LHB Gavin Sheets 0-0: Called Strike
0-1: Fly out, F7 (Flyball, 7, EV 90.0 MPH)
Batting: SHB Keibert Ruiz 0-0: Ball
1-0: Ball
2-0: Foul Ball, location: 2F
2-1: Foul Ball, location: 7LDF
2-2: Strikes out swinging
Batting: LHB Brendan Donovan 0-0: Called Strike
0-1: Swinging Strike
0-2: Strikes out swinging
Bottom of the 9th over - 0 runs, 1 hit, 0 errors, 2 left on base; Chicago 5 - Boston 1
Monday, September 25th , 2023 - OOTP Baseball 24.9 Build 80